[Event "USA Championship Women 2022"]
[Site "Saint Louis"]
[Date "2022.10.15"]
[Round "10.6"]
[White "Yu, Jennifer"]
[Black "Paikidze, Nazi"]
[Result "1/2-1/2"]
[ECO "A17"]
[WhiteElo "2297"]
[BlackElo "2354"]
[Annotator "TA"]
[PlyCount "110"]
[EventDate "2022.09.05"]
[EventType "tourn"]
[EventCountry "USA"]
[SourceTitle "playchess.com"]
[Source "ChessBase"]
[SourceQuality "1"]
[TimeControl "40/5400+30:1800+30"]

1. Nf3 Nf6 2. c4 e6 3. Nc3 Bb4 4. Qb3 c5 5. a3 Ba5 6. e4 {[%emt 0:02:09] A17: English Opening: 1...Nf6 with ...Bb4.} Nc6 7. e5 ({Better is} 7. Bd3 $15) 7... Ng4 $17 8. Ne4 {[%emt 0:00:05] [#] Black is better.} O-O $146 (8... Ngxe5 $6 9. Nxe5 Nxe5 10. Qg3 $11) ({Predecessor:} 8... Ngxe5 9. Nxe5 Nxe5 10. Qg3 Ng6 11. b4 cxb4 12. Nd6+ Kf8 13. Rb1 bxa3 14. Bxa3 Kg8 {1-0 (24) Wiedner,R (2191)-Pachman,L (2320) St Veit 1999}) 9. Nxc5 Bb6 (9... Ncxe5 10. h3 Nxf3+ 11. Qxf3 $15) (9... Ngxe5 10. Nxe5 Nxe5 11. Qe3) (9... d6 $17 10. Nxb7 Bxb7 11. Qxb7 Rc8) 10. Nd3 $15 d6 11. c5 dxc5 (11... Bxc5 12. Qc4 Nh6 13. Nxc5 dxc5 14. b4 $11 (14. Qxc5 Nf5 $15)) 12. Qc4 Nh6 13. Nf4 (13. Nxc5 $17 Qc7 14. d4) 13... Bd7 14. Bd3 Nd4 15. Nxd4 cxd4 16. Be4 Qg5 17. Nd3 Ng4 18. h4 Qd8 (18... Nxe5 19. hxg5 Nxc4 20. Bxh7+ Kh8 21. b3 $16) (18... Qh5 $17 19. Bxb7 Rab8) 19. f3 f5 (19... Rc8 $17 20. Qb3 Nh6) 20. Bxb7 $11 Rb8 (20... Qb8 $1 $11 21. Bxa8 Nxe5 22. Nxe5 Qxe5+ 23. Qe2 Qg3+ 24. Kf1 (24. Qf2 Qe5+ 25. Qe2 Qg3+ 26. Qf2 Qe5+ 27. Qe2 $11) 24... d3) 21. Ba6 $16 Nh6 22. f4 ({White should play} 22. a4 $16) 22... Qe7 $1 $11 23. b4 Qf7 (23... Ng4 $11) 24. Bb2 $16 Qg6 25. O-O $36 {[%emt 0:02:02][%cal Bh1f1,Bf1f3,Bf3h3][%mdl 2080] White is really pushing.} Qg3 $2 (25... Rfc8 $16 26. Bxc8 Rxc8) 26. Rf3 $18 Qxh4 27. Bxd4 $2 {[%emt 0:02:12] [#]} (27. a4 $18) 27... Bxd4+ $2 (27... Ng4 28. Rh3 Qe7 29. Bxb6 (29. Nc5 Rfd8 $16) 29... axb6 30. b5 $16) (27... Bc6 $1 $17 {[%cal Rc6f3] stays on course.} 28. Raf1 (28. Qxe6+ $2 Kh8 $19) 28... Bd5) 28. Qxd4 $16 Bc6 29. Rh3 Qg4 {[%emt 0:02:30][%csl Gc6][%cal Rg4g2] [#]} 30. Qf2 Qg6 31. Rc1 Bd5 32. Rc7 Ng4 33. Qg3 (33. Qxa7 Ra8 34. Qb6 Rfb8 $11) 33... Qe8 (33... Rf7 $142 34. Rc3 Rd7) 34. Nf2 (34. Qh4 $6 Qg6 35. Ne1 (35. Rxa7 Ra8 $18) 35... h6) 34... Qd8 35. Qc3 (35. Rxa7 Qb6 36. Re7 Rbc8 $19) 35... Rf7 36. Rxf7 {[%emt 0:01:48] White is more active.} Kxf7 37. d4 (37. Nxg4 fxg4 38. Re3 h5 $16) ({White should try} 37. Nd3 $18) 37... Rb6 38. Be2 Rc6 39. Qd2 Qc8 {[%emt 0:01:13] And now ...Rc2 would win.} 40. Bxg4 (40. Nd1 $11 {remains equal.}) 40... fxg4 $17 41. Rg3 ({Not} 41. Nxg4 $2 Rc2 42. Qxc2 Qxc2 $19) ({Wrong is} 41. Rxh7 $2 Kg8 42. Rxg7+ Kxg7 $19) 41... h5 {[%emt 0:11:39][%mdl 1024] Black has strong compensation.} 42. Nd3 {[%emt 0:11:56][%cal Bf2d3,Bd3f4,Bf4d5][%mdl 32] Against Rc1+} Rc2 43. Qe3 {[%emt 0:00:07][%cal Of4f5] [#]} Qc3 (43... Qd8 $1 $17 {...Ra2 is the strong threat.} 44. Ne1 Rb2) 44. f5 $1 $11 {[%emt 0:00:26][%cal Bf4f5,Bf5e6,Be6e7][%mdl 32] The position is equal.} Qa1+ (44... exf5 $2 45. e6+ Ke8 46. Qe5 $18) 45. Kh2 {[%emt 0:01:22] Strongly threatening Qg5. Dancing on a razor blade.} Qf1 46. fxe6+ Kg8 47. Nf4 Rc1 48. Qxc1 Qxc1 49. Nxd5 {[%emt 0:00:05][%mdl 4096] Endgame Threatens to win with e7. KQ-KRN} Qg5 (49... Qc4 $5 50. Rc3 $8 (50. e7 $2 Kf7 $19) 50... Qxd4 $11) 50. e7 $1 Kf7 {[%emt 0:01:04] aiming for ...Qh4+.} 51. Rc3 Qh4+ 52. Kg1 {[%emt 0:00:05][%cal Oe5e6] Threatening mate with e6+!} Qe1+ 53. Kh2 {[%emt 0:00:03][%cal Oe5e6] Hoping for e6+!} Qh4+ 54. Kg1 {[%emt 0:00:04][%cal Oe5e6] White wants to mate with e6+!} Qe1+ 55. Kh2 Qh4+ {[%emt 0:00:05] A wild game.  Weighted Error Value: White=0.28 (precise) /Black=0.29 (precise)} 1/2-1/2

[Event "USA Championship Women 2022"]
[Site "Saint Louis"]
[Date "2022.10.15"]
[Round "10.7"]
[White "Eswaran, Ashritha"]
[Black "Tokhirjonova, Gulrukhbegim"]
[Result "0-1"]
[ECO "A04"]
[WhiteElo "2365"]
[BlackElo "2336"]
[Annotator "TA"]
[PlyCount "134"]
[EventDate "2022.09.05"]
[EventType "tourn"]
[EventCountry "USA"]
[SourceTitle "playchess.com"]
[Source "ChessBase"]
[SourceQuality "1"]
[TimeControl "40/5400+30:1800+30"]

1. Nf3 c5 2. c4 Nc6 3. b3 e5 4. Nc3 d6 5. Bb2 g6 6. e3 Bg7 7. d3 Nge7 {[%emt 0:02:50] A04: Unusual lines after 1 Nf3 and King's Indian Attack.} 8. Be2 O-O 9. O-O h6 {[%emt 0:01:30] Black has an edge.} 10. a3 {[%emt 0:05:04] [#]} Kh7 $146 ({Predecessor:} 10... Be6 11. Rb1 a5 12. Nb5 d5 13. cxd5 Nxd5 14. Nd2 Qb6 15. a4 Qd8 16. Rc1 Qe7 17. Qc2 b6 18. Nc4 Rab8 19. Qb1 Ndb4 20. Rfd1 {½-½ (20) Lenic,L (2630)-Lalic,B (2476) Bol 2013}) 11. Ne1 g5 12. e4 f5 (12... Nd4 {is interesting.} 13. Bh5 Ng6 14. Nd5 Nf4) 13. exf5 Bxf5 14. Nc2 Ng6 15. Bg4 (15. Ne3 $14) 15... Qd7 16. Bxf5 Rxf5 17. Qg4 Nf4 18. Ne3 Rf7 {[%emt 0:00:22] Threatens to win with ...Qxg4.} 19. Qxd7 Rxd7 20. Rfd1 (20. Rad1 $1 $11) 20... e4 $1 $15 ({Much weaker is} 20... Nd4 21. g3 Nde2+ 22. Nxe2 Nxe2+ 23. Kf1 $11) 21. Na4 ({Don't go for} 21. dxe4 $2 Bxc3 22. Ra2 Nd4 $1 $19) 21... exd3 22. g3 Ne2+ 23. Kg2 Rf8 {[%emt 0:02:40] Black is much more active.} 24. Bxg7 Kxg7 ({Better is} 24... Rxg7 $17 25. Rxd3 Nf4+ $1 26. gxf4 gxf4+ 27. Ng4 Rxg4+ 28. Kh1 Nd4) 25. Rxd3 $11 {[%emt 0:01:01] Nxc5 is the strong threat.} Rdf7 26. Rf1 Ned4 27. b4 b6 28. Nc3 Re8 29. Ncd5 $1 Ne5 30. Rdd1 Nef3 31. h3 h5 32. Nc3 Kg6 33. Rh1 Re6 34. Rhf1 h4 35. Ncd5 Nb3 36. Rd3 Nbd4 37. Rdd1 Kg7 38. Rd3 Re8 39. Rdd1 Ref8 40. Nc3 Re8 {[%emt 0:01:59] Strongly threatening ...hxg3.} 41. Ncd5 Kf8 42. Rd3 Re6 43. Rdd1 Nb3 44. Rd3 {[%emt 0:00:00] [#]} (44. g4 $1 $11 {remains equal.}) 44... Nbd2 $1 $36 {[%emt 0:00:00][%mdl 2048] Black is on the roll. Black converts the advantage convincingly.} 45. Rd1 Ne4 {[%emt 0:00:00] aiming for ...Ne5.} 46. Nc3 (46. Nf5 $17 Ne5 47. g4) 46... Ne5 $19 47. Nxe4 Nxd3 48. f3 {[%emt 0:00:00] [#]} (48. Rxd3 $17 {was the only defense.} Rxe4 49. Rxd6) 48... Nf2 $1 49. Rxd6 Rxd6 50. Nxd6 {[%emt 0:00:00][%mdl 4096] Endgame KRN-KNN} Rd7 51. bxc5 bxc5 52. Nef5 Nd3 53. f4 gxf4 54. gxh4 Ne5 55. h5 Rh7 56. h6 Nf7 57. Ne4 Nxh6 58. Nfd6 Nf7 59. Nb5 (59. Nxf7 Rxf7 60. Kf3) 59... Ne5 60. Nxc5 f3+ {[%emt 0:00:00] Black is clearly winning.} 61. Kf2 Rxh3 62. Ne4 Ng4+ 63. Kg1 f2+ 64. Nxf2 Rg3+ 65. Kf1 Rf3 66. Kg2 Rxf2+ 67. Kg3 a6 {[%emt 0:00:09] Weighted Error Value: White=0.22 (precise) /Black=0.12 (very precise)} 0-1

[Event "USA Championship Women 2022"]
[Site "Saint Louis"]
[Date "2022.10.17"]
[Round "11.1"]
[White "Tokhirjonova, Gulrukhbegim"]
[Black "Yu, Jennifer"]
[Result "0-1"]
[ECO "C43"]
[WhiteElo "2336"]
[BlackElo "2297"]
[Annotator "TA"]
[PlyCount "130"]
[EventDate "2022.09.05"]
[EventType "tourn"]
[EventCountry "USA"]
[SourceTitle "playchess.com"]
[Source "ChessBase"]
[SourceQuality "1"]
[TimeControl "40/5400+30:1800+30"]

1. e4 e5 2. Nf3 Nf6 3. d4 Nxe4 4. Bd3 d5 5. Nxe5 Nd7 6. Nxd7 Bxd7 7. O-O Bd6 8. Nc3 {[%emt 0:04:59] now scores much better than the old 8.c4.} Nxc3 9. bxc3 O-O 10. Qh5 {[%emt 0:01:38][%csl Gd3,LRd5,LRh7][%cal Rh5h7] Against Qh4. C43: Petroff Defence: 3 d4.} f5 11. c4 Qf6 12. c3 {[%emt 0:11:35] The position is equal.} dxc4 13. Bxc4+ Be6 {[%emt 0:00:05] [#]} 14. Bd3 $146 ({Predecessor:} 14. Bb3 Qf7 15. Bxe6 Qxe6 16. Qf3 c6 17. Bd2 Rae8 18. Rfe1 {1-0 (37) Fernandez,J (2160)-Grkinic,G (1767) LSS email 2013}) 14... h6 15. Re1 Rae8 16. Bd2 Re7 17. h4 Bd5 18. Be3 (18. Rxe7 $11 Bxe7 19. Re1) 18... c6 {[%emt 0:02:40] Black has more active pieces.} 19. c4 Be4 (19... f4 20. Bd2 Bf7 21. Qf3) 20. Bg5 $1 Qf7 (20... hxg5 21. hxg5 Bf3 22. gxf3 (22. gxf6 $2 {perishes.} Rxe1+ 23. Rxe1 Bxh5 $19) (22. Rxe7 Qxd4 23. gxf3 Bxe7 $14) 22... Rxe1+ 23. Rxe1 $18) (20... Qxd4 21. Bxe7 Bxe7 22. Rad1 $16) 21. Qxf7+ Rexf7 22. Bxe4 {[%emt 0:00:09] Black must now prevent Bd3.} hxg5 23. Bc2 {[%emt 0:01:36] Threatens to win with c5.} Bb4 ({Don't do} 23... gxh4 24. c5 Be7 25. Bb3 $16) 24. Re6 gxh4 25. Rb1 a5 26. d5 cxd5 27. cxd5 Rd8 28. Rd1 Bd6 29. Rb1 Kf8 30. Kf1 Bb4 31. Rd1 Rfd7 32. Bb3 Re7 33. Rg6 a4 ({Black should try} 33... Rd6 $17 34. Rxd6 Bxd6) 34. d6 Rxd6 (34... Re5 $17 35. Bd5 Rxd6 36. Rxd6 Bxd6 37. Bxb7 Ke7) 35. Rgxd6 $11 Bxd6 36. Rxd6 axb3 37. axb3 $17 {[%emt 0:00:05][%mdl 4096] Endgame KR-KR} Kf7 38. Rb6 g6 39. Kg1 Kg7 40. Kh2 Kh6 41. Kh3 Kh5 {[%emt 0:32:19] ...g5 is the strong threat.} 42. g3 (42. f3 $11) 42... hxg3 43. Kxg3 ({Better is} 43. fxg3 g5 44. Rb5) 43... g5 44. Rb5 $2 (44. Kf3 $17 {is a better chance.}) 44... f4+ $1 $19 45. Kf3 Rc7 46. Rb6 Rc3+ 47. Kg2 {[%emt 0:00:00] [#]} Kh4 $1 48. Rh6+ Kg4 49. Rb6 {[%emt 0:00:00] [#]} Rc7 50. Rb4 Kh4 {[%emt 0:00:00] And now ...Rc3 would win.} 51. Kh2 Rd7 52. Rb6 $2 {[%emt 0:04:05][%mdl 8192] This move loses the game for White.} (52. Kg2 $17) 52... Rd2 53. Kg2 g4 {[%emt 0:00:03][%cal Bg5g4,Bg4g3][%mdl 32] ( -> ...f3+)} 54. Rxb7 g3 {[%emt 0:00:10] Black mates.} 55. Rh7+ Kg5 56. Rg7+ Kf6 57. Rg8 Rxf2+ 58. Kg1 Rb2 59. b4 Rxb4 60. Kg2 Rb2+ 61. Kf3 Rf2+ 62. Kg4 g2 63. Kh3 f3 64. Rf8+ Kg7 65. Rf5 Rf1 {[%emt 0:00:15] Weighted Error Value: White=0.34/Black=0.06 (flawless)} ({Inferior is} 65... g1=Q 66. Rg5+ Kf6 67. Rxg1 $11) 0-1

[Event "USA Championship Women 2022"]
[Site "Saint Louis"]
[Date "2022.10.17"]
[Round "11.2"]
[White "Cervantes Landeiro, Thalia"]
[Black "Eswaran, Ashritha"]
[Result "1-0"]
[ECO "A06"]
[WhiteElo "2272"]
[BlackElo "2365"]
[Annotator "TA"]
[PlyCount "85"]
[EventDate "2022.09.05"]
[EventType "tourn"]
[EventCountry "USA"]
[SourceTitle "playchess.com"]
[Source "ChessBase"]
[SourceQuality "1"]
[TimeControl "40/5400+30:1800+30"]

1. Nf3 d5 2. e3 Nf6 3. b3 Bf5 4. Bb2 e6 5. Be2 h6 6. O-O Bd6 {[%emt 0:01:30] A06: Réti Opening: 1 Nf3 d5.} 7. Ne5 O-O 8. f4 Nbd7 {[%emt 0:01:43] The position is equal.} 9. d3 Bh7 10. Nd2 {[%emt 0:05:24] [#]} Bc5 $146 ({Predecessor:} 10... c5 11. Ndf3 Qc7 12. Qe1 d4 13. Nc4 dxe3 14. Nxd6 Qxd6 15. Ne5 Nd5 16. Qg3 f6 {1-0 (52) Sanal,V (2557)-Nasuta,G (2535) Chess.com INT 2020}) 11. d4 Be7 12. Bd3 c5 13. Qf3 Qa5 14. Rad1 Bxd3 15. Nxd3 Rac8 (15... Qxa2 $2 16. Ra1 Qxa1 17. Rxa1 $18) 16. dxc5 Bxc5 17. Nxc5 Rxc5 18. c4 b5 19. a3 {[%emt 0:03:28] [#] And now b4 would win.} Rc6 ({But not} 19... bxc4 20. b4 Qb5 21. Bxf6 (21. bxc5 $2 Qxb2 22. Qf2 Qb5 $17) 21... Nxf6 22. bxc5 $16) 20. b4 Qa4 21. cxd5 exd5 22. e4 Qc2 23. exd5 Rd6 24. Bxf6 Nxf6 25. Nb3 Re8 (25... Rfd8 $11 {keeps the balance.}) 26. Nd4 $36 {[%emt 0:05:18][%csl LRb5,LRc2][%mdl 2048] Black is under strong pressure.} Qc4 {[%emt 0:04:36] [#] A mistake that costs the game.} (26... Qc8 $16) 27. Nf5 $1 $18 Rxd5 (27... Rd7 {was necessary.} 28. Qg3 g6 29. Nxh6+ Kg7) 28. Ne3 Rxe3 29. Qxe3 a6 30. Rxd5 Qxd5 {[%emt 0:01:05][%mdl 4096] Endgame KQR-KQN} 31. h3 {[%emt 0:00:13] Threatens to win with Re1.} Ne4 32. f5 Nf6 33. Qf3 {[%emt 0:00:00] Black must now prevent Qxd5.} Qd4+ 34. Kh2 Ne4 $2 (34... Kh7 35. Re1 Qd8) 35. Qf4 {[%emt 0:01:21] aiming for Re1.} Qd5 36. Rc1 Nd6 (36... Kh7 $142 37. Re1 Nf6) 37. Rc5 Qd3 38. f6 g5 39. Qe5 g4 40. hxg4 {[%emt 0:00:00] White mates.} Qe4 41. Qxd6 Kh7 42. Rc8 Qxg4 43. Qd3+ {[%emt 0:00:42] Weighted Error Value: White=0.07 (flawless) /Black=0.46} 1-0

[Event "USA Championship Women 2022"]
[Site "Saint Louis"]
[Date "2022.10.17"]
[Round "11.3"]
[White "Morris-Suzuki, Sophie"]
[Black "Foisor, Sabina-Francesca"]
[Result "0-1"]
[ECO "B12"]
[WhiteElo "2126"]
[BlackElo "2203"]
[Annotator "TA"]
[PlyCount "82"]
[EventDate "2022.09.05"]
[EventType "tourn"]
[EventCountry "USA"]
[SourceTitle "playchess.com"]
[Source "ChessBase"]
[SourceQuality "1"]
[TimeControl "40/5400+30:1800+30"]

1. e4 c6 2. d4 d5 3. e5 Bf5 4. h4 h5 5. Bd3 Bxd3 6. Qxd3 {[%emt 0:00:14][%cal Oe5e6] B12: Caro-Kann: Advance Variation.} Qa5+ 7. Nd2 {[%emt 0:00:12][%cal Oe5e6] Black must now prevent e6!} e6 8. Ngf3 {[%emt 0:00:18] The position is equal.} Ne7 9. O-O Nf5 10. c4 Be7 11. a4 (11. g3 $11 {is more appropriate.}) 11... Nd7 12. b3 {[%emt 0:03:13] [#]} Qd8 $146 (12... Bxh4 {with more complications.} 13. cxd5 Qxd5 14. Ba3 Be7) ({Predecessor:} 12... Nxh4 13. Nxh4 Bxh4 14. Ba3 Qd8 15. b4 Be7 16. b5 O-O 17. Bxe7 Qxe7 18. c5 g6 {0-1 (31) Farmani Anosheh,A (2346)-Jaferian,K (2227) Chess.com INT 2022}) 13. g3 g5 14. hxg5 Bxg5 15. Nh2 (15. Kh1 $11 {remains equal.}) 15... Bxd2 $17 {[%emt 0:10:26] Black is more active.} (15... h4 $6 16. g4 Bxd2 17. Qxd2 $11) 16. Qxd2 dxc4 $1 17. bxc4 Nb6 (17... Rg8 $17 {Hoping for ...Nb6.} 18. Rd1 Qh4) 18. Rd1 $2 (18. a5 $1 $11 Nxc4 19. Qb4) 18... Nxc4 $19 19. Qc3 Qd5 (19... Nxe5 20. Qb3 Nd7 21. Qxb7 $17) 20. Bf4 Rg8 21. a5 Nh4 $2 (21... O-O-O $19 {And now ...h4 would win.} 22. a6 Nxd4 23. axb7+ Kb8) 22. f3 $11 Nf5 23. Kf2 $1 (23. Rdc1 b5 24. axb6 Nxb6 $17) 23... b5 {[%emt 0:02:33] aiming for ...0-0-0.} 24. axb6 $1 Nxb6 {[%emt 0:00:01] Pair of Knights!} 25. g4 Ne7 (25... Qd8 $5 26. Qxc6+ (26. gxf5 Qh4+ 27. Kf1 Rc8 $17) 26... Kf8 27. Qc5+ (27. gxf5 Qh4+ 28. Kf1 Qxf4 $17) 27... Ke8 $11) 26. gxh5 {[%emt 0:01:23] Threatens to win with Ng4.} f5 {[%emt 0:01:02] Prevents Ng4.} 27. exf6 Qxh5 28. Ng4 Nbd5 29. Qd2 Nxf4 $2 (29... Nf5 $2 30. Rh1 Qf7 31. Be5 $18) (29... Rxg4 $11 {and Black stays safe.} 30. fxg4 Qxg4) 30. Qxf4 $18 Qf5 $2 (30... Nd5 31. f7+ (31. Qd6 Qh4+ 32. Kf1 Rxg4 $11) 31... Qxf7 32. Qxf7+ Kxf7 33. Nh6+ Kg7) 31. Qd6 Qc2+ 32. Kg1 Nd5 33. Qxe6+ Kf8 34. Rac1 (34. Qd6+ $142 Kf7 35. Rdb1) 34... Qb3 35. Qd6+ (35. f7 $142 Rxg4+ 36. Qxg4 Qe3+ 37. Kf1) 35... Kf7 {[%emt 0:00:10] ( -> ...Qe3+)} 36. Kh2 $2 (36. Qxc6 $2 Rxg4+ $1 37. fxg4 Qg3+ 38. Kf1 Qf3+ 39. Ke1 (39. Kg1 $2 Qxg4+ 40. Kf2 Qf4+ 41. Ke2 Qe3+ 42. Kf1 Qf3+ 43. Ke1 Qe3+ 44. Kf1 Qf3+ 45. Ke1 Qg3+ 46. Ke2 Qe3+ 47. Kf1 $19) 39... Qg3+ 40. Kf1 Qf3+ 41. Ke1 (41. Kg1 $2 Qxg4+ 42. Kf2 Qf4+ 43. Ke2 Qe4+ 44. Kf2 Qf4+ 45. Ke1 Qe3+ 46. Kf1 Qf3+ 47. Ke1 Re8+ 48. Qxe8+ Kxe8 $19) 41... Re8+ 42. Qxe8+ Kxe8 $19) ({Only move:} 36. Qd7+ $18 Kf8 37. Qf5 (37. Qxc6 Rxg4+ 38. fxg4 Qg3+ 39. Kh1 Qh3+ 40. Kg1 Qg3+ 41. Kh1 Qh3+ 42. Kg1 Qg3+ $11) 37... Qe3+ 38. Kh2) 36... Rh8+ $1 $11 37. Kg3 $2 {[%emt 0:00:48][%mdl 8192] [#]} (37. Kg2 $11 Rag8 38. Kf2 Rxg4 39. Qd7+ (39. fxg4 Qe3+ 40. Kg2 Nf4+) 39... Kf8 40. Qd6+ (40. fxg4 $2 {gets mated.} Rh2+ 41. Kg1 Qg3+ 42. Kf1 Qf2#) 40... Kf7 41. Qd7+ (41. fxg4 {leads to mate.} Qe3+ 42. Kg2 Nf4+) 41... Kf8 42. Qd6+ (42. fxg4 $2 Rh2+ 43. Kg1 Qg3+ 44. Kf1 Qf2#) 42... Kf7) 37... Rh3+ $3 {[%emt 0:00:12][%mdl 576] Skewer, Deflection, Decoy. Black mates.} 38. Kxh3 (38. Kf2 Qxf3+) 38... Qxf3+ 39. Kh4 Rh8+ 40. Kg5 Rg8+ {[%emt 0:00:10][%mdl 64] Skewer} 41. Kh6 Qh3# {[%emt 0:30:13] A wild game.  Weighted Error Value: White=0.72/Black=0.39} 0-1

[Event "USA Championship Women 2022"]
[Site "Saint Louis"]
[Date "2022.10.17"]
[Round "11.4"]
[White "Lee, Alice"]
[Black "Abrahamyan, Tatev"]
[Result "1/2-1/2"]
[ECO "D37"]
[WhiteElo "2263"]
[BlackElo "2308"]
[Annotator "TA"]
[PlyCount "118"]
[EventDate "2022.09.05"]
[EventType "tourn"]
[EventCountry "USA"]
[SourceTitle "playchess.com"]
[Source "ChessBase"]
[SourceQuality "1"]
[TimeControl "40/5400+30:1800+30"]

1. d4 Nf6 2. c4 e6 3. Nf3 d5 4. Nc3 h6 5. g3 Bd6 6. Bg2 {[%emt 0:00:30] D37: Queen's Gambit Declined: 5 Bf4.} O-O 7. O-O Nc6 {[%emt 0:00:10] Inhibits Ne5.} 8. a3 {[%emt 0:02:52] White is slightly better.} dxc4 9. Qa4 e5 10. Qxc4 (10. d5 {keeps more tension.} Nd4 11. Nxd4 exd4 12. Nb5) 10... exd4 11. Nxd4 Nxd4 12. Qxd4 Qe7 {[%emt 0:01:29] [#]} 13. Qd3 $146 ({Predecessor:} 13. h3 c6 14. e4 Bc5 15. Qa4 Rd8 16. Qc2 Be6 17. Re1 Nd7 18. Bf4 f6 19. Be3 {0-1 (31) Shmeliov,D (2436)-Jacobson,A (2305) New York 2022}) 13... c6 14. b4 Rd8 15. Qc2 (15. Rd1 Bg4 16. Qe3 Qxe3 17. Bxe3 Be5 $15) 15... Be6 16. Bb2 Be5 17. Rfe1 a5 $36 {[%emt 0:05:57][%mdl 2048] Black has the initiative.} 18. Ne4 Bxb2 19. Qxb2 Nxe4 20. Bxe4 Bh3 21. Bd3 Qe6 22. Rad1 Rd7 (22... Qd5 23. Bh7+ $1 Kxh7 24. Rxd5 Rxd5 25. bxa5 $16) 23. Rd2 (23. bxa5 $11 Rxa5 24. Qb4) 23... axb4 (23... Qd5 24. Bh7+ $1 Kxh7 25. Rxd5 Rxd5 26. bxa5 $16) ({Black should play} 23... c5 $1 $15 24. bxc5 Qc6) 24. axb4 $11 Rad8 (24... Qd5 25. Bh7+ $1 Kxh7 26. Rxd5 Rxd5 27. f3 $16) 25. Ra1 {[%emt 0:03:48] [#]} (25. Qc3 $11 {remains equal.}) 25... Kf8 (25... Qd5 {[#]} 26. Bh7+ $1 Kxh7 27. Rxd5 Rxd5 28. f3 $16) ({Better is} 25... c5 $1 $17 26. Qb1 c4 27. Bh7+ Kh8 28. Rxd7 Qxd7) 26. Qc3 b6 27. Rc2 Rd6 (27... Qd5 28. Qxc6 Qe5 29. Rac1 $16) 28. Qc4 Qf6 29. Qc3 Rd4 {[%emt 0:00:20][%cal Oc6c5] Hoping for ...c5!} 30. Rb1 (30. Rcc1 $11 {might be stronger.}) 30... Rxd3 $2 31. exd3 $16 {[%emt 0:00:29] Qxf6 is the strong threat.} Qf3 32. Qxc6 Rd5 $2 (32... Qxd3 {is tougher.} 33. Re1 Kg8) 33. Qa8+ $18 Ke7 34. Re1+ Kf6 35. Qc6+ Kg5 {[%emt 0:00:26] [#]} (35... Be6 $142 36. Rce2 Qf5) 36. Qxd5+ $3 Qxd5 {[%emt 0:00:06][%csl Gh3][%cal Rd5g2] [#]} 37. Re5+ $3 Qxe5 38. f4+ Qxf4 39. gxf4+ Kxf4 {[%emt 0:00:01][%mdl 4096] Endgame KR-KB} 40. Rf2+ Ke3 41. Rxf7 b5 42. Rxg7 Bf5 43. Rc7 Bxd3 44. Rc6 h5 45. Rc5 Be2 46. Re5+ Kd2 47. Kf2 Bc4 48. Rxh5 Kc3 49. Ke3 Kxb4 50. Kd4 Kb3 51. Kc5 Kc3 52. Re5 $2 (52. Rg5 {mates} b4 53. Rg4 Bf1 54. Rxb4 Kd3 55. h4 Bg2 56. h5 Bf3 57. h6) 52... Bd3 $1 $11 {[%emt 0:02:50] The position is equal.} 53. Rd5 {[%emt 0:10:17] Threatening mate with Rd4.} b4 54. Rxd3+ Kxd3 55. Kxb4 {[%emt 0:00:05] KP-K} Ke4 56. Kc5 Kf4 57. Kd4 Kg4 58. Ke3 Kh3 59. Kf2 Kxh2 {[%emt 0:00:04] Black escapes into a draw.  Weighted Error Value: White=0.18 (very precise) /Black=0.49} 1/2-1/2

[Event "USA Championship Women 2022"]
[Site "Saint Louis"]
[Date "2022.10.17"]
[Round "11.5"]
[White "Paikidze, Nazi"]
[Black "Krush, Irina"]
[Result "0-1"]
[ECO "E08"]
[WhiteElo "2354"]
[BlackElo "2432"]
[Annotator "TA"]
[PlyCount "104"]
[EventDate "2022.09.05"]
[EventType "tourn"]
[EventCountry "USA"]
[SourceTitle "playchess.com"]
[Source "ChessBase"]
[SourceQuality "1"]
[TimeControl "40/5400+30:1800+30"]

1. d4 d5 2. Nf3 Nf6 3. c4 e6 4. Nc3 c6 5. g3 Be7 6. Bg2 O-O 7. O-O b6 8. Qc2 Bb7 9. Rd1 Nbd7 10. b3 Rc8 11. e4 c5 12. exd5 exd5 13. Bb2 dxc4 14. d5 {[%emt 0:02:11] aiming for d6.} Ne8 {[%emt 0:10:42] E08: Closed Catalan: Main Line: 7 Qc2.} 15. bxc4 Nd6 16. Nd2 Bf6 {[%emt 0:01:02] White is better.} 17. Nce4 Bxb2 18. Qxb2 {[%emt 0:02:18] [#]} Nf6 $146 ({Predecessor:} 18... Qe7 19. Nxd6 Qxd6 20. f4 Nf6 21. a4 Rce8 22. a5 Re2 23. Bf3 Re7 24. axb6 axb6 {½-½ (58) Ontiveros,J (2273)-Karachisaridis,V (2243) ICCF email 2006}) 19. Nxd6 Qxd6 20. a4 Rfe8 21. a5 Rb8 22. axb6 axb6 23. Re1 (23. Nb1 $14 {is superior.}) 23... Rxe1+ $1 $11 24. Rxe1 b5 $1 25. f4 h6 ({Don't take} 25... bxc4 26. Nxc4 Ba8 27. Qa1 $16 (27. Nxd6 Rxb2 28. Ra1 Rb8 $11)) 26. Qe5 Qf8 27. Ne4 Nxe4 28. Bxe4 bxc4 29. Rb1 {[%emt 0:02:22] [#]} (29. Qc3 $11) 29... Re8 $1 $17 30. Qf5 (30. Qc7 $17) 30... g6 $19 31. Qf6 Bc8 (31... Rxe4 $19 32. Rxb7 Qe8) 32. Bc2 (32. Bxg6 $17 fxg6 33. Qxg6+ Kh8 34. Rb6) 32... Re2 33. Ba4 (33. Bd1 $17 Re1+ 34. Kf2) 33... Bf5 34. Rb7 Qg7 {[%emt 0:00:14] Chess con chili.} 35. Qxg7+ ({Much worse is} 35. Rb8+ Kh7 36. Qxg7+ Kxg7 $19) 35... Kxg7 {[%emt 0:00:02][%mdl 4096] Endgame KRB-KRB} 36. Rc7 $2 (36. d6 {nothing else works.}) 36... c3 37. Rxc5 c2 38. d6 Re1+ 39. Kf2 c1=Q 40. Rxc1 Rxc1 41. d7 {[%emt 0:30:02] [#]} Bxd7 42. Bxd7 {[%emt 0:00:04] KR-KB} Rc2+ 43. Kg1 g5 44. fxg5 hxg5 {[%emt 0:00:00] Black mates.} 45. Bf5 Rb2 46. Be4 Kf6 47. Bf3 Ke5 48. h3 f5 49. Kf1 Kd4 50. Kg1 Ke3 51. Bg2 Rxg2+ 52. Kxg2 {[%emt 0:00:00] [#]} Ke2 $1 {[%emt 0:00:00] Weighted Error Value: White=0.73/Black=0.14 (very precise)} 0-1